AoeStats
← GN | Vortex 渦

Arena

507831413Analyzed
4v4 RM · 12d ago on Sep 19, 2026· 39m 41s· 8 players
Game mode
Random Map
Map size
Large (8 player)
Population
200
Speed
Normal
Resources
Standard
Victory
Conquest
Starting age
Dark Age
Ending age
Imperial Age
RankedLock teamsTeams togetherTeam positionsShared explorationLock speedFull tech treeHidden civsTurbo modeCheats
Victory
Defeat
🇧🇷 Georgians · Brazil
1422
+13
🇹🇷 Britons · Türkiye
1385
+14
🇧🇷 Chinese · Brazil
1369
+15
🇪🇸 Poles · Spain
1331
+17
🇨🇳 Turks · China
1364
-15
🇨🇴 Lithuanians · Colombia
1352
-15
🇨🇱 Cumans · Chile
1343
-15
🇬🇧 Bulgarians · United Kingdom
1339
-14
santiagogp2093
10:21 Feudal Age
14:35 Castle Age
17:59 Double-Bit Axe
19:23 Fervor
20:00 Horse Collar
22:55 Bloodlines
22:45 Husbandry
24:44 Wheelbarrow
23:56 Loom
25:38 Heavy Plow
27:02 Forging
26:58 Scale Barding Armor
27:55 Hand Cart
27:26 Town Watch
31:16 Imperial Age
30:58 Bow Saw
31:24 Cavalier
32:48 Iron Casting
32:33 Chain Barding Armor
34:57 Chemistry
34:37 Conscription
XXXXXXXXXIA
11:29 Feudal Age
15:44 Castle Age
14:13 Loom
15:04 Wheelbarrow
15:18 Double-Bit Axe
15:38 Gold Mining
15:51 Horse Collar
20:41 Bow Saw
21:28 Heavy Plow
23:20 Hand Cart
30:04 Imperial Age
28:40 Ballistics
28:39 Bloodlines
28:32 Padded Archer Armor
28:37 Scale Barding Armor
30:20 Chain Barding Armor
30:11 Forging
31:33 Husbandry
32:11 Plate Barding Armor
32:55 Iron Casting
rizz
9:20 Feudal Age
14:45 Castle Age
14:37 Arson
16:09 Squires
17:40 Scale Mail Armor
18:19 Gambesons
18:24 Loom
22:22 Forging
22:27 Chain Mail Armor
23:17 Iron Casting
29:18 Double-Bit Axe
29:41 Horse Collar
32:56 Wheelbarrow
32:39 Town Watch
35:56 Hand Cart
39:18 Imperial Age
39:24 Imperial Age
38:01 Hand Cart
GN | Vortex 渦
8:43 Feudal Age
9:26 Horse Collar
9:32 Double-Bit Axe
18:49 Wheelbarrow
17:59 Loom
20:18 Gold Mining
23:18 Castle Age
21:37 Scale Barding Armor
21:43 Forging
23:22 Capped Ram
25:30 Heavy Plow
26:06 Gold Shaft Mining
25:42 Bow Saw
25:20 Town Watch
26:15 Stone Mining
27:59 Hand Cart
28:55 Scale Mail Armor
29:15 Chain Barding Armor
29:22 Bloodlines
34:57 Imperial Age
34:24 Iron Casting
36:15 Plate Barding Armor
35:01 Elite Steppe Lancer
36:39 Cavalier
Alejandro_Cao
11:04 Feudal Age
10:08 Loom
15:29 Castle Age
13:35 Double-Bit Axe
13:56 Horse Collar
22:43 Wheelbarrow
26:55 Imperial Age
25:01 Hand Cart
25:17 Heavy Plow
25:29 Bow Saw
26:02 Szlachta Privileges
26:43 Bloodlines
27:49 Forging
27:45 Scale Barding Armor
28:17 Conscription
27:20 Cavalier
29:30 Iron Casting
28:58 Husbandry
30:08 Chain Barding Armor
30:21 Crop Rotation
32:05 Blast Furnace
31:10 Fletching
31:37 Light Cavalry
32:24 Town Watch
32:59 Gold Mining
33:00 Stone Mining
34:41 Winged Hussar
38:19 Lechitic Legacy
BoBa
10:59 Feudal Age
15:15 Castle Age
13:39 Double-Bit Axe
13:55 Horse Collar
15:09 Fletching
15:13 Gold Mining
15:39 Loom
16:48 Bow Saw
19:26 Heavy Plow
21:32 Fervor
22:00 Ballistics
23:14 Bodkin Arrow
24:48 Wheelbarrow
30:22 Imperial Age
27:49 Stone Mining
28:10 Padded Archer Armor
29:36 Gold Shaft Mining
29:30 Hand Cart
30:06 Leather Archer Armor
30:30 Yeomen
31:30 Bracer
32:36 Chemistry
33:11 Conscription
32:56 Elite Longbowman
35:06 Masonry
37:01 Ring Archer Armor
37:38 Town Watch
Julio2
0:28 Loom
11:38 Feudal Age
12:47 Double-Bit Axe
15:10 Castle Age
12:55 Horse Collar
16:19 Bow Saw
16:09 Heavy Plow
18:30 Wheelbarrow
20:34 Stone Mining
22:57 Stone Shaft Mining
23:26 Hand Cart
23:40 Fletching
24:53 Bodkin Arrow
25:12 Gold Mining
25:34 Forging
26:04 Scale Mail Armor
26:23 Town Watch
26:39 Padded Archer Armor
27:17 Iron Casting
28:00 Gold Shaft Mining
27:41 Chain Mail Armor
32:44 Imperial Age
32:08 Coinage
32:45 Capped Ram
32:47 Elite Chu Ko Nu
33:28 Bracer
34:30 Chemistry
33:51 Ballistics
34:03 Banking
34:21 Rocketry
34:05 Siege Ram
38:25 Thumb Ring
Fridz
11:48 Feudal Age
10:03 Loom
13:13 Loom
16:06 Castle Age
15:12 Double-Bit Axe
15:07 Horse Collar
15:25 Stone Mining
17:48 Bow Saw
20:18 Fletching
33:57 Wheelbarrow
36:30 Hand Cart
36:18 Heavy Plow
36:49 Scale Barding Armor
36:55 Forging
Connection lost

Rejoining the realm…

Still unreachable

The connection could not be restored.

Session expired

The server has moved on; the page needs a fresh start.